 Dungeon Crawl Stone Soup version 0.29.1-1-gd02db6906a (webtiles) character file.

Game seed: 6728888389736917829

66 jimonade the Shooter (level 3, -1/20 HPs)
             Began as a Deep Elf Hunter on Sept 17, 2022.
             Succumbed to a goblin's poison
             ... on level 1 of the Dungeon.
             The game lasted 00:01:31 (1223 turns).

jimonade the Shooter (Deep Elf Hunter)              Turns: 1223, Time: 00:01:32

Health: -1/20      AC:  7    Str:  8    XL:     3   Next: 96%
Magic:  5/5        EV: 12    Int: 13    God:
Gold:   75         SH:  0    Dex: 20    Spells: 2/2 levels left

rFire   . . .      SeeInvis .   b - +2 dagger (venom)
rCold   . . .      Faith    .   (no shield)
rNeg    . . .      Spirit   .   c - +0 leather armour
rPois   .          Reflect  .   (no helmet)
rElec   .          Harm     .   (no cloak)
rCorr   .          Rampage  .   (no gloves)
Will    .....                   (no boots)
Stlth   ++........              (no amulet)
HPRegen 0.06/turn               k - +4 ring of protection
MPRegen 0.09/turn               (no ring)

@: lethally poisoned (-1 -> -11)
A: no striking features
a: no special abilities


You were on level 1 of the Dungeon.
You visited 1 branch of the dungeon, and saw 2 of its levels.

You collected 75 gold pieces.

Inventory:

Hand Weapons
 a - a +0 shortbow
 b - a +2 dagger of venom (weapon)
 f - a +0 spear
 g - a +0 short sword
 j - a +0 dagger
Missiles
 i - 3 boomerangs
Armour
 c - a +0 leather armour (worn)
Jewellery
 k - a +4 ring of protection (left hand)
Scrolls
 m - a scroll of immolation
Potions
 d - a potion of cancellation {unknown}
 e - a potion of brilliance {unknown}
 h - 2 potions of degeneration {unknown}
 l - a potion of curing


   Skills:
 - Level 1.5 Fighting
 + Level 7.4 Ranged Weapons
 - Level 2.4 Dodging
 - Level 1.2 Stealth


You had 2 spell levels left.
You didn't know any spells.
Your spell library contained the following spells:

 Spells                   Type           Power      Damage    Failure   Level
 Animate Dead             Necr           0%         N/A       99%         4
 Haunt                    Necr/Summ      0%         N/A       100%        7
 Infestation              Necr           0%         N/A       100%        8


Dungeon Overview and Level Annotations

Branches:
Dungeon (2/15)

Altars:


Message History

You hit Robin.
Robin is poisoned.
Robin is lightly wounded.
Robin hits you with a +0 club.
You barely miss Robin.
Robin is lightly wounded.
Robin hits you but does no damage.
You hit Robin but do no damage.
Robin looks as sick as possible!
Robin is lightly wounded.
A goblin comes into view. It is wielding a +0 dagger.
Robin drinks a potion.
Robin is healed!
Robin looks more healthy.
The goblin shouts!
You hit Robin.
Robin is poisoned.
Robin is lightly wounded.
You hear a shout!
Robin roars a battlecry!
The goblin goes into a battle-frenzy!
You hit Robin but do no damage.
Robin looks as sick as possible!
Robin is moderately wounded.
You hit Robin.
Robin looks as sick as possible!
Robin is severely wounded.
You kill Robin!
The goblin unwields a +0 dagger.
The goblin wields a +0 sling.
The goblin shoots a sling bullet.
The sling bullet hits you.
A goblin comes into view. It is wielding a +1 dagger of venom.
The goblin hits you with a +1 dagger of venom.
* * * LOW HITPOINT WARNING * * *
You are lethally poisoned!
The hobgoblin hits you but does no damage.
You climb upwards.
* * * LOW HITPOINT WARNING * * *
You feel very sick.
There is a stone staircase leading down here.
You closely miss the goblin.
* * * LOW HITPOINT WARNING * * *
You feel sick. The goblin hits you but does no damage.
You are more poisoned.
The hobgoblin hits you but does no damage.
You hit the goblin.
The goblin is poisoned.
The goblin is heavily wounded.
You die...

## .#
.############
.##.........#
.##.#######.#
.##.#######.######
...............g@#
.##.#######.####g#
##..........# #.#
#..........# #.#
#..........####.#
#...............#
#.........#####.#
#.........# #.#
#.........# #.#


You could see a hobgoblin and a goblin (strong, very poisoned).

Vanquished Creatures
  Robin (D:2)
  2 adders (D:2)
  A worm (D:1)
  4 ball pythons (D:1)
  3 endoplasms (D:1)
  A giant cockroach (D:1)
  6 goblins
  2 hobgoblins (D:2)
  4 kobolds (D:1)
  4 quokkas
  4 rats
32 creatures vanquished.

Notes
Turn   | Place    | Note
-------+----------+-------------------------------------------
     0 | D:1      | jimonade the Deep Elf Hunter began the quest for the Orb.
     0 | D:1      | Reached XP level 1. HP: 12/12 MP: 3/3
   191 | D:1      | Reached XP level 2. HP: 16/16 MP: 4/4
   201 | D:1      | Reached skill level 6 in Ranged Weapons
   428 | D:1      | You fall into a shaft and drop 1 floor!
   447 | D:2      | Reached XP level 3. HP: 8/20 MP: 5/5
  1029 | D:2      | Reached skill level 7 in Ranged Weapons
  1040 | D:2      | Noticed Robin
  1219 | D:2      | Killed Robin
  1222 | D:1      | HP: 1/20 [poisoned by a goblin]
  1223 | D:1      | Succumbed to a goblin's poison

Illustrated notes

Levels and vault maps discovered:
D:1:      lightli_arrival_quake, layout_basic, nicolae_wormholes
D:2:      layout_loops_ring, grunt_decor_one_mirror, uniq_jessica, uniq_robin

Skill      XL: |  1  2  3 |
---------------+----------+-----
Ranged Weapons | 6 7 |  7.4
Fighting       | |  1.5
Dodging        | |  2.4
Stealth        | |  1.2

Action                   || total
-------------------------++-------
Melee: Dagger            ||     8
 Fire: Shortbow          ||    65
Armor: Leather armour    ||    18
Dodge: Dodged            ||    31
